 Dungeon Crawl Stone Soup version 0.25-b1-37-g2669288c55 (webtiles) character file.

Game seed: 2188613910846377903

139844 brodsky the Warrior (level 16, -10/188 HPs)
             Began as an Ogre Arcane Marksman on June 5, 2020.
             Was a High Priest of Ashenzari.
             Mangled by a spatial maelstrom (14 damage)
             ... on level 4 of the Abyss.
             The game lasted 02:16:13 (40808 turns).

brodsky the Warrior (Ogre Arcane Marksman)         Turns: 40808, Time: 02:16:15

Health: -10/188    AC: 21    Str: 18    XL:     16   Next: 99%
Magic:  26/26      EV: 10    Int: 17    God:    Ashenzari [*****.]
Gold:   2517       SH: 16    Dex: 11    Spells: 5/29 levels left

rFire    + + +     SeeInvis +   x - +5 morningstar (distort) (curse)
rCold    x . .     Gourm    .   X - +0 kite shield {reflect} (curse)
rNeg     . . .     Faith    .   S - +0 fire dragon scales (curse)
rPois    .         Spirit   .   (helmet restricted)
rElec    .         Reflect  +   P - +2 cloak {rF+} (curse)
rCorr    .         Harm     .   (gloves unavailable)
MR       ++...     Clarity  +   (boots unavailable)
Stlth    ..........             D - amulet of reflection (curse)
HPRegen  0.41/turn              a - ring of protection from magic (curse)
MPRegen  0.20/turn              F - +4 ring of protection

@: about to teleport
A: large, unfitting armour, tough skin 1
}: 1/15 runes: abyssal
a: Curse Item, Scrying, Transfer Knowledge, Renounce Religion


You were on level 4 of the Abyss.
You worshipped Ashenzari.
Ashenzari was extremely pleased with you.
You were not hungry.

You visited 4 branches of the dungeon, and saw 24 of its levels.
You visited the Abyss 1 time.
You also visited: Bailey, Ice Cave and Volcano.

You collected 3211 gold pieces.
You spent 694 gold pieces at shops.

Inventory:

Hand Weapons
 x - a cursed +5 morningstar of distortion (weapon)
Missiles
 b - 8 curare-tipped darts
 d - 6 throwing nets
 h - 12 large rocks
 t - 11 datura-tipped darts
 z - 105 poisoned darts
 C - 29 boomerangs (quivered)
 L - 4 silver javelins
 Q - 2 javelins
Armour
 P - a cursed +2 cloak of fire resistance (worn)
 S - cursed +0 fire dragon scales (worn)
 X - a cursed +0 kite shield of reflection (worn)
Jewellery
 a - a cursed ring of protection from magic (left hand)
 c - an uncursed ring of wizardry
 D - a cursed amulet of reflection (around neck)
 F - a +4 ring of protection (right hand)
 U - an uncursed ring of flight
Wands
 w - a wand of paralysis (28)
 A - a wand of enslavement (3)
 B - a wand of digging (2)
 E - a wand of iceblast (17)
 K - a wand of acid (10)
 M - a wand of disintegration (8)
 O - a wand of clouds (3)
Scrolls
 g - 2 scrolls of fog
 n - 6 scrolls of immolation
 q - a scroll of fear
 u - a scroll of summoning
 v - 8 scrolls of teleportation
 y - 6 scrolls of magic mapping
 G - 2 scrolls of amnesia
 J - 4 scrolls of identify
 T - a scroll of enchant armour
 V - a scroll of silence
 Y - 7 scrolls of remove curse
Potions
 e - 5 potions of might
 j - 6 potions of haste
 k - 4 potions of flight
 l - 12 potions of curing
 m - 4 potions of brilliance
 o - 4 potions of lignification
 p - a potion of berserk rage
 s - 3 potions of cancellation
 N - a potion of invisibility
 Z - a potion of magic
Miscellaneous
 H - 3 phantom mirrors
 I - a phial of floods
Comestibles
 f - 34 rations


   Skills:
 - Level 18.4 Fighting
 + Level 11.3(15.0) Maces & Flails
 - Level 12.0 Throwing
 - Level 11.1(13.5) Armour
 - Level 3.5(5.9) Dodging
 - Level 6.7(9.4) Shields
 - Level 7.1 Spellcasting
 - Level 5.5(8.2) Hexes
 - Level 0.3(1.2) Charms
 - Level 5.2(7.8) Translocations
 - Level 6.4(9.2) Evocations


You had 5 spell levels left.
You knew the following spells:

 Your Spells              Type           Power        Failure   Level  Hunger
a - Corona                Hex            ####...      1%          1    None
b - Slow                  Hex            ####....     1%          2    None
c - Portal Projectile     Hex/Tloc       ####..       3%          3    ##.....
d - Cause Fear            Hex            ####......   11%         4    ####...
e - Inner Flame           Hex/Fire       ###.....     17%         3    ##.....
f - Blink                 Tloc           N/A          1%          2    None
g - Passage of Golubria   Tloc           N/A          13%         4    ####...
h - Gell's Gravitas       Tloc           ####......   3%          3    ##.....
i - Shroud of Golubria    Chrm/Tloc      ###...       8%          2    None

Your spell library contained the following spells:

 Spells                   Type           Power        Failure   Level  Hunger
 Lesser Beckoning         Tloc           ####......   3%          3    ##.....
 Teleport Other           Tloc           ####....     3%          3    ##.....
 Dazzling Flash           Conj/Hex       ###...       17%         3    ##.....
 Summon Guardian Golem    Hex/Summ       ###.....     17%         3    ##.....
 Animate Skeleton         Necr           N/A          28%         1    None
 Foxfire                  Conj/Fire      #...         28%         1    None
 Magic Dart               Conj           #...         28%         1    None
 Pain                     Necr           #...         28%         1    None
 Summon Small Mammal      Summ           #...         28%         1    None
 Call Imp                 Summ           #.......     38%         2    None
 Corpse Rot               Necr/Air       N/A          38%         2    None
 Searing Ray              Conj           #.....       38%         2    None
 Sublimation of Blood     Necr           #.........   38%         2    None
 Fulminant Prism          Conj/Hex       ###.......   50%         4    ####...
 Leda's Liquefaction      Hex/Erth       ###.......   50%         4    ####...
 Iskenderun's Mystic Bla  Conj/Tloc      ###.....     52%         4    ####...
 Call Canine Familiar     Summ           #.......     63%         3    ##.....
 Conjure Flame            Conj/Fire      #.......     63%         3    ##.....
 Mephitic Cloud           Conj/Pois/Air  #.......     63%         3    ##.....
 Vampiric Draining        Necr           #.........   63%         3    ##.....
 Metabolic Englaciation   Hex/Ice        ###.......   83%         5    #####..
 Animate Dead             Necr           N/A          95%         4    ####...
 Dispel Undead            Necr           #.......     95%         4    ####...
 Ice Form                 Ice/Tmut       #.......     95%         4    ####...
 Sticky Flame             Conj/Fire      #.......     95%         4    ####...
 Summon Ice Beast         Ice/Summ       #.......     95%         4    ####...
 Summon Lightning Spire   Summ/Air       #.......     95%         4    ####...
 Agony                    Necr           #.......     100%        5    #####..
 Excruciating Wounds      Chrm/Necr      #.........   100%        5    #####..
 Fireball                 Conj/Fire      #.........   100%        5    #####..
 Iskenderun's Battlesphe  Conj/Chrm      #.......     100%        5    #####..
 Freezing Cloud           Conj/Ice/Air   #.........   100%        6    #######
 Ozocubu's Refrigeration  Ice            #.........   100%        6    #######
 Simulacrum               Ice/Necr       #.........   100%        6    #######


Dungeon Overview and Level Annotations

Branches:
Dungeon (15/15)            Temple (0/1) D:7            Lair (6/6) D:10
  Swamp (0/4) Lair:2       Spider (0/4) Lair:3        Slime (0/5) Lair:6
    Orc (2/2) D:12            Elf (1/3) Orc:2        Vaults (0/5) D:13
 Depths (0/5) D:15         Bailey (visited)           IceCv (visited)
Volcano (visited)

Altars:
Ashenzari
Cheibriados
Gozag
Hepliaklqana
Kikubaaqudgha
Makhleb
Nemelex Xobeh
Okawaru
Ru
Sif Muna
Vehumet
Wu Jian
Xom
Yredelemnul
Zin
The Shining One

Shops:
D:6 *   D:8 [   D:9 [   Orc:2 (:*(   Elf:1 [

Annotations:
Abyss:1 Rupert


Innate Abilities, Weirdness & Mutations

You are too large for most types of armour.
You have tough skin. (AC +1)


Message History

You block the spatial maelstrom's attack.
The spatial maelstrom hits you but does no damage.
A large abomination comes into view.
The guardian serpent casts a spell at you.
The bolt of poison hits you!
You are poisoned.
* * * LOW HITPOINT WARNING * * *
Your large abomination barely misses the raiju.
You block the raiju's attack.
You block the guardian serpent's attack.
The Executioner gestures.
The Executioner seems to speed up.
You feel better.
The Executioner hits your large abomination!
The Executioner hits your large abomination but does no damage. x2
You block the spatial maelstrom's attack.
The spatial maelstrom hits you!
* * * LOW HITPOINT WARNING * * *
Space warps horribly around you!
You die...

* , *,,
,,...........v.....## *,
.............. .........
**#....,#.....#.....#.##..
* ##...###...###...#..#.#*
*,* ,**
#.....#.....#..)...,.# # *
, , *...................†.
.. , , ,*
...................# .##
*,, ,
,........S...3....... ##,
, *, ,**,
,.#@v5..#..,..##.*, ,, * ,
* , ##hX5##. ..##*#*,* ,
,,,, *, , , #...1.#.....#
*,, *,, *,,,,.........X..
...#** * *, , ,
,...........e....#*** , *
, ,,,
..........x.......**, ,**
* ....#.G...#.....#. , * ,
,, * ...###...###...#*
,*** ,, ,,* .. *.....,
....*,,*,,


You could see a spatial maelstrom, an Executioner (fast), a glowing orange
brain, a large abomination, a guardian serpent, a deep elf mage (summoned), a
worldbinder, a raiju, a friendly large abomination (summoned), a friendly
ynoxinul (summoned) and 2 friendly ufetubi.

Vanquished Creatures
  Donald (Orc:2)
  A frost giant (IceCv)
  The ghost of tobi4572 the Executioner, a journeyman HOBe of Trog (Lair:6)
  Snorg (D:10)
  A merfolk impaler (Abyss:4)
  2 blizzard demons (Abyss:4)
  A fire dragon (Volcano)
  Josephine (D:11)
  Erolcha (D:13)
  6 hydras
  The ghost of Scypier the Magician, a journeyman GnSk of Nemelex Xobeh (D:10)
  8 vault guards (D:13)
  A catoblepas (Lair:6)
  A dancing weapon (Elf:1)
  2 two-headed ogres (D:8)
  5 centaur warriors
  A tengu warrior (D:15)
  3 death yaks
  Urug (Orc:1)
  An orc high priest (Orc:2)
  A sixfirhy (Abyss:4)
  A skeletal warrior (D:15)
  A flayed ghost (D:15)
  4 unseen horrors
  Pikel (D:4)
  2 wizards
  9 orc knights
  A mana viper (shapeshifter) (D:15)
  2 deep elf magi
  4 oklob plants (Lair:2)
  3 ugly things
  2 wolf spiders (Lair:6)
  An orc sorcerer (Orc:2)
  A necromancer (D:15)
  4 cyclopes
  7 elephants
  2 worldbinders (Abyss:4)
  A stone giant skeleton (D:15)
  2 smoke demons (Abyss:4)
  3 manticores
  Psyche (D:9)
  13 black mambas
  3 gargoyles
  A black mamba (shapeshifter) (D:13)
  A guardian serpent (Lair:6)
  A dire elephant skeleton (Abyss:4)
  12 spiny frogs
  Maggie (D:10)
  A yaktaur (D:15)
  3 kobold demonologists (D:10)
  12 komodo dragons
  A red devil (D:9)
  A guardian mummy (D:15)
  8 trolls
  3 jumping spiders (Lair:3)
  9 polar bears
  2 raiju (Abyss:4)
  A hornet (Lair:6)
  Grinder (D:4)
  A fire dragon zombie (D:15)
  8 blink frogs
  11 hippogriffs
  A water elemental (Elf:1)
  6 spriggans (Lair:1)
  An air elemental (Elf:1)
  10 wyverns
  A vampire (D:15)
  An ettin skeleton (D:15)
  7 wraiths
  8 redbacks
  6 fire bats (Volcano)
  2 hogs (D:7)
  A human (D:7)
  78 yaks
  A fire elemental (Elf:1)
  A hungry ghost (D:11)
  A chaos spawn (Abyss:4)
  4 steam dragons (Volcano)
  2 vampire mosquitoes (D:15)
  4 basilisks
  11 wargs
  An acid dragon (D:14)
  A hell hound (Volcano)
  3 black bears
  4 porcupines (Lair:5)
  20 water moccasins
  6 ice beasts
  2 sky beasts
  34 orc warriors
  2 eyes of draining
  A necrophage (D:4)
  A phantom (D:9)
  10 ogres
  14 centaurs
  6 wolves (IceCv)
  14 crocodiles
  9 big kobolds
  17 bullfrogs
  A scorpion (D:7)
  A wyvern skeleton (D:14)
  6 killer bees
  4 wights (D:12)
  6 electric eels
  4 howler monkeys
  7 crimson imps
  2 centaur zombies
  2 quasits
  3 bullfrog zombies
  5 hounds
  6 jellies
  Crazy Yiuf (D:5)
  8 orc priests
  5 centaur skeletons
  3 bullfrog skeletons
  18 orc wizards
  2 iguanas
  Natasha (thrice) (D:3)
  13 worker ants
  6 hell rats
  6 lightning spires (Abyss:4)
  2 hound zombies (D:9)
  3 hound skeletons
  A howler monkey zombie (D:11)
  10 adders
  4 shadow imps
  A white imp (Abyss:4)
  4 oozes
  2 adder skeletons
  2 adder zombies (D:9)
  4 worms
  A dart slug (D:3)
  4 leopard geckos
  76 orcs
  A ball python (D:2)
  12 bats
  6 giant cockroaches
  4 goblins
  5 hobgoblins
  8 jackals
  2 quokkas
  2 ball python skeletons (D:4)
  7 frilled lizards
  20 kobolds
  A leopard gecko zombie (D:7)
  A quokka skeleton (D:2)
  A quokka zombie (D:7)
  5 rats
  2 plants (Lair:2)
781 creatures vanquished.

Vanquished Creatures (collateral kills)
  A rakshasa (Abyss:4)
  A smoke demon (Abyss:4)
  A raiju (Abyss:4)
  A fire bat (Volcano)
  A spatial vortex (Abyss:4)
5 creatures vanquished.

Vanquished Creatures (others)
  An Executioner (Abyss:4)
  A hydra (D:13)
  A tengu warrior (D:15)
  An orc high priest (Orc:2)
  2 death yaks
  A deep elf archer (Elf:1)
  A lindwurm (Volcano)
  An orc knight (D:15)
  A deep elf mage (Elf:1)
  An ugly thing (D:13)
  2 centaur zombies
  A fire giant skeleton (D:15)
  3 black mambas
  An ice statue (IceCv)
  3 elephants (Lair:5)
  A gargoyle (D:11)
  2 spiny frogs
  A centaur skeleton (D:15)
  A komodo dragon (Lair:3)
  A kobold demonologist (D:12)
  6 polar bears (IceCv)
  A hornet (Lair:6)
  2 raiju (Abyss:4)
  A blink frog (Lair:5)
  2 hippogriffs
  A wraith (D:11)
  A wyvern (Lair:6)
  11 yaks
  2 hogs (D:7)
  A basilisk (Lair:4)
  A steam dragon (Volcano)
  A warg (D:12)
  4 water moccasins
  A porcupine (Lair:4)
  5 orc warriors
  An eye of draining (D:15)
  A sky beast (D:14)
  An ogre (Orc:2)
  7 wolves (IceCv)
  4 crocodiles
  A big kobold (D:7)
  A bullfrog (D:8)
  2 killer bees
  A quasit (D:13)
  A jelly (Lair:6)
  A hound (D:9)
  4 orc wizards
  An orc priest (D:12)
  A bullfrog skeleton (D:5)
  An iguana (D:10)
  A worker ant (D:11)
  2 adders
  A leopard gecko (D:8)
  An orc (Orc:1)
  A kobold (D:10)
  21 fungi
  63 plants
  A withered plant (D:15)
186 creatures vanquished.

Grand Total: 972 creatures vanquished

Notes
Turn   | Place    | Note
-------+----------+-------------------------------------------
     0 | D:1      | brodsky the Ogre Arcane Marksman began the quest for the
                  | Orb.
     0 | D:1      | Reached XP level 1. HP: 19/19 MP: 2/2
    54 | D:1      | Reached skill level 2 in Fighting
   176 | D:1      | Reached XP level 2. HP: 19/29 MP: 3/3
   443 | D:1      | Reached skill level 3 in Fighting
   669 | D:1      | Found a shattered altar of Ashenzari.
   680 | D:1      | Reached XP level 3. HP: 28/39 MP: 4/4
   684 | D:1      | Became a worshipper of Ashenzari the Shackled
   788 | D:1      | Learned a level 2 spell: Slow
   795 | D:1      | Reached skill level 4 in Fighting
  1357 | D:2      | Reached XP level 4. HP: 39/49 MP: 0/5
  1568 | D:2      | Found a burning altar of Makhleb.
  1642 | D:2      | Noticed a blizzard demon
  1870 | D:3      | Found an ornate altar of the Wu Jian Council.
  2424 | D:3      | Reached * piety under Ashenzari
  2466 | D:3      | Found a hazy altar of Hepliaklqana.
  2657 | D:3      | Noticed Natasha
  2661 | D:3      | Killed Natasha
  2714 | D:3      | Found a basalt altar of Yredelemnul.
  2716 | D:3      | Found a glowing golden altar of the Shining One.
  2731 | D:3      | Noticed Natasha
  2736 | D:3      | Killed Natasha
  2736 | D:3      | Reached XP level 5. HP: 50/55 MP: 9/9
  2815 | D:3      | Noticed Natasha
  2821 | D:3      | Killed Natasha
  2943 | D:4      | Noticed an ogre
  2981 | D:3      | Learned a level 3 spell: Portal Projectile
  3087 | D:4      | Noticed an ogre
  3098 | D:4      | Killed an ogre
  3098 | D:4      | Reached XP level 6. HP: 63/63 MP: 10/10
  3465 | D:4      | Reached skill level 5 in Throwing
  3665 | D:4      | Noticed Grinder
  3675 | D:4      | Paralysed by Grinder for 7 turns
  3693 | D:4      | Killed Grinder
  3693 | D:4      | Reached skill level 1 in Translocations
  3693 | D:4      | Reached XP level 7. HP: 44/71 MP: 0/11
  3874 | D:4      | Reached skill level 5 in Fighting
  4073 | D:4      | Reached skill level 6 in Fighting
  4521 | D:4      | Reached skill level 7 in Fighting
  4521 | D:4      | Reached XP level 8. HP: 53/87 MP: 12/12
  5024 | D:4      | Learned a level 4 spell: Cause Fear
  5236 | D:5      | Entered Level 5 of the Dungeon
  5265 | D:4      | Reached skill level 1 in Polearms
  5660 | D:5      | Noticed Pikel
  5694 | D:4      | Killed Pikel
  5694 | D:4      | Reached skill level 5 in Polearms
  5823 | D:5      | Reached XP level 9. HP: 82/95 MP: 8/13
  6165 | D:5      | Noticed an angel
  6166 | D:5      | Found a glowing silver altar of Zin.
  6172 | D:5      | Found a shimmering altar of Xom.
  6484 | D:5      | Found a runed translucent door.
  6485 | D:5      | Noticed Crazy Yiuf
  6509 | D:5      | Killed Crazy Yiuf
  6802 | D:6      | Reached skill level 1 in Staves
  7076 | D:6      | Found a snail-covered altar of Cheibriados.
  7377 | D:6      | Found Asoj's Assorted Antiques.
  7385 | D:6      | Bought a scroll of identify for 52 gold pieces
  7385 | D:6      | Bought a glowing morningstar for 182 gold pieces
  7385 | D:6      | Bought a scroll labeled PEYMOI KUEDI for 26 gold pieces
  7385 | D:6      | Bought a scroll labeled BETWAE SYEQISY for 26 gold pieces
  7419 | D:7      | Reached skill level 1 in Maces & Flails
  7493 | D:7      | Reached ** piety under Ashenzari
  7592 | D:7      | Found a staircase to the Ecumenical Temple.
  8266 | D:7      | Reached skill level 5 in Maces & Flails
  8450 | D:7      | Found a sacrificial altar of Ru.
  8688 | D:7      | Learned a level 3 spell: Inner Flame
  8697 | D:8      | Reached XP level 10. HP: 103/103 MP: 10/14
  8796 | D:8      | Noticed a two-headed ogre
  8809 | D:8      | Killed a two-headed ogre
  8810 | D:8      | Noticed a two-headed ogre
  8816 | D:8      | Killed a two-headed ogre
  8816 | D:8      | Reached skill level 9 in Fighting
  8863 | D:8      | Found a flagged portal.
  8900 | Bailey   | Entered a bailey
  9350 | Bailey   | Noticed an orc knight
  9554 | Bailey   | Noticed an orc knight
  9554 | Bailey   | Noticed an orc knight
  9554 | Bailey   | Noticed an orc knight
  9599 | Bailey   | Killed an orc knight
  9621 | Bailey   | Killed an orc knight
  9634 | Bailey   | Killed an orc knight
  9634 | Bailey   | Reached XP level 11. HP: 102/114 MP: 5/15
  9685 | Bailey   | Killed an orc knight
  9685 | Bailey   | Reached skill level 5 in Hexes
  9800 | Bailey   | Noticed an orc knight
  9852 | Bailey   | Killed an orc knight
  9859 | Bailey   | Learned a level 2 spell: Blink
 10755 | D:8      | Found Ulerghi's Antique Armour Shoppe.
 10893 | D:8      | Found a shimmering blue altar of Sif Muna.
 10901 | D:8      | Found an ancient bone altar of Kikubaaqudgha.
 10913 | D:8      | Found a radiant altar of Vehumet.
 11033 | D:8      | Found an iron altar of Okawaru.
 11207 | D:9      | Noticed Psyche
 11222 | D:9      | Killed Psyche
 11222 | D:9      | Reached skill level 10 in Fighting
 11483 | D:9      | Found Ugial's Antique Armour Shoppe.
 11763 | D:9      | Found an opulent altar of Gozag.
 11780 | D:9      | Reached skill level 11 in Fighting
 12039 | D:9      | Found a sparkling altar of Nemelex Xobeh.
 12107 | D:9      | Noticed a hell beast
 12110 | D:9      | Found an ancient bone altar of Kikubaaqudgha.
 12584 | D:9      | Bought a creamy pearl robe for 176 gold pieces
 12584 | D:9      | Bought a glowing cloak for 232 gold pieces
 12594 | D:9      | Identified the +1 robe of Qizuluh {Dex+3} (You bought it in
                  | a shop on level 9 of the Dungeon)
 12618 | D:10     | Entered Level 10 of the Dungeon
 12643 | D:10     | Found a staircase to the Lair.
 13035 | D:10     | Noticed Snorg
 13097 | D:10     | Killed Snorg
 13351 | D:10     | Noticed Maggie
 13364 | D:10     | Killed Maggie
 13656 | D:10     | Paralysed by a kobold for 3 turns
 13729 | D:10     | Found a runed translucent gate.
 13729 | D:10     | Found a runed translucent gate.
 13750 | D:10     | Reached XP level 12. HP: 127/131 MP: 16/16
 13877 | D:10     | Found a runed translucent gate.
 13879 | D:10     | Noticed Scypier's ghost (journeyman GnSk)
 14220 | D:11     | Reached *** piety under Ashenzari
 14588 | D:11     | Reached skill level 5 in Spellcasting
 14781 | D:11     | Noticed Josephine
 14788 | D:11     | Killed Josephine
 15821 | D:11     | Learned a level 4 spell: Passage of Golubria
 15825 | D:11     | Learned a level 3 spell: Gell's Gravitas
 16071 | D:12     | Reached skill level 5 in Translocations
 16649 | D:12     | Found a staircase to the Orcish Mines.
 16654 | D:12     | Noticed a seven-headed hydra
 16661 | D:11     | HP: 4/131 [orc warrior/cursed +0 short sword (20)]
 17238 | D:12     | Reached skill level 10 in Throwing
 17339 | D:12     | Killed a seven-headed hydra
 17782 | D:12     | Reached skill level 12 in Fighting
 18855 | D:10     | Noticed a sun demon
 18856 | D:10     | Reached XP level 13. HP: 89/140 MP: 8/23
 18860 | D:10     | Killed Scypier's ghost
 19199 | Lair:1   | Entered Level 1 of the Lair of Beasts
 19911 | Lair:1   | Identified the +8 whip "Keat" {vorpal, rElec rF- Int+3}
 20029 | Lair:1   | Reached skill level 5 in Evocations
 20347 | Lair:1   | Reached **** piety under Ashenzari
 21154 | Lair:2   | Found a staircase to the Swamp.
 21226 | Lair:2   | Reached skill level 13 in Fighting
 21283 | Lair:2   | Found a dark tunnel.
 21491 | Volcano  | Entered a volcano
 21491 | Volcano  | Identified the +4 fire dragon scales of Day {rF++ rC-
                  | Str+2}
 21504 | Volcano  | Noticed a fire dragon
 21513 | Volcano  | Killed a fire dragon
 21572 | Volcano  | Reached skill level 14 in Fighting
 22702 | Lair:2   | Reached skill level 1 in Armour
 23220 | Lair:3   | Reached XP level 14. HP: 130/156 MP: 24/24
 23722 | Lair:3   | Reached skill level 5 in Armour
 24119 | Lair:3   | Learned a level 2 spell: Shroud of Golubria
 24141 | Lair:3   | Found a hole to the Spider Nest.
 25599 | Lair:4   | Reached ***** piety under Ashenzari
 28531 | Lair:5   | Reached skill level 15 in Fighting
 29308 | Orc:1    | Entered Level 1 of the Orcish Mines
 29320 | Orc:1    | Noticed Urug
 29766 | Orc:1    | Killed Urug
 29766 | Orc:1    | Reached XP level 15. HP: 96/168 MP: 13/25
 30461 | Orc:2    | Entered Level 2 of the Orcish Mines
 30503 | Orc:2    | Noticed Donald
 30526 | Orc:2    | Killed Donald
 30526 | Orc:2    | Reached skill level 10 in Maces & Flails
 30928 | Orc:2    | Reached skill level 1 in Shields
 31009 | Orc:2    | Found a staircase to the Elven Halls.
 31255 | Orc:2    | Reduced skill Polearms to level 5
 31865 | Orc:2    | Reached skill level 5 in Shields
 32219 | Orc:2    | Found Wepiss's Book Boutique.
 32219 | Orc:2    | Found Sevy's General Store.
 32221 | Orc:2    | Found Laotaeho's Antique Weapon Shoppe.
 32223 | Orc:2    | Found Qaeckig's Antique Weapon Shop.
 32833 | Lair:5   | Reduced skill Polearms to level 1
 32842 | Lair:6   | Entered Level 6 of the Lair of Beasts
 33244 | Lair:6   | Found a runed translucent gate.
 33244 | Lair:6   | Found a runed translucent gate.
 33244 | Lair:6   | Found a runed translucent gate.
 33244 | Lair:6   | Noticed tobi4572's ghost (journeyman HOBe)
 33270 | Lair:6   | Killed tobi4572's ghost
 33435 | Lair:6   | Reached skill level 5 in Dodging
 34610 | Lair:6   | Found a staircase to the Slime Pits.
 35360 | D:13     | Found a frozen archway.
 35436 | D:13     | Reduced skill Dodging to level 5
 35481 | IceCv    | Entered an ice cave
 35837 | IceCv    | Reached skill level 10 in Armour
 35965 | IceCv    | Reached skill level 16 in Fighting
 36217 | IceCv    | Reached XP level 16. HP: 144/179 MP: 26/26
 36443 | IceCv    | Reached skill level 17 in Fighting
 36685 | IceCv    | Identified Ystivyan's Guide on Captivating Good Luck
 37385 | D:13     | Found a gate to the Vaults.
 37404 | D:13     | Noticed Erolcha
 37409 | D:13     | Killed Erolcha
 37448 | D:13     | Reached skill level 18 in Fighting
 37707 | D:13     | Noticed Rupert
 37717 | D:13     | Banished Rupert
 38501 | D:15     | Entered Level 15 of the Dungeon
 38697 | D:15     | Found a staircase to the Depths.
 40002 | Elf:1    | Entered Level 1 of the Elven Halls
 40362 | Elf:1    | Found Ysies's Armour Shoppe.
 40515 | Elf:1    | Cast into level 4 of the Abyss (+0 trident of distortion)
 40616 | Abyss:4  | Noticed an Executioner
 40620 | Abyss:4  | Banished an Executioner
 40684 | Abyss:4  | HP: 7/188 [lightning spire/bolt of electricity (12)]
 40709 | Abyss:4  | Got an abyssal rune of Zot
 40768 | Abyss:4  | HP: 4/188 [raiju/living lightning (18)]
 40797 | Abyss:4  | HP: 5/188 [spatial vortex[a spatial maelstrom] (9)]
 40804 | Abyss:4  | Noticed an Executioner
 40807 | Abyss:4  | HP: 6/188 [guardian serpent/bolt of poison (14)]
 40808 | Abyss:4  | Mangled by a spatial maelstrom

Illustrated notes

Levels and vault maps discovered:
D:1:      dpeg_arrival_line_fractal, layout_rooms, hangedman_decor_push,
          evilmike_ruin_ashenzari
D:2:      layout_rooms, interstate_on_off, kennysheep_cross_room,
          makhleb_altar_promises_db
D:3:      layout_rooms, marbit_many_paths, nicolae_overflow_hidden_temple,
          uniq_natasha
D:4:      black_bear_nest_2, layout_basic, first_ration, uniq_grinder
D:5:      layout_cave_pools, grunt_temple_overflow_order_and_chaos_1,
          hangedman_glass_teeth, mrwooster_statue_mirror,
          chequers_serial_rivers_small_3, uniq_crazy_yiuf_cottage, uniq_pikel
D:6:      layout_basic, cheibrodos_worm_habitat, serial_shops,
          nicolae_shop_trees
D:7:      layout_rooms, nicolae_ru_sacrificial_ziggurat,
          minmay_temple_entry_from_below_a, grunt_livestock,
          kennysheep_generic_room_15
D:8:      layout_cave_pools, palyth_temple_overflow_mages, kennysheep_mini,
          enter_bailey_2, serial_shops, nicolae_shop_window_shopping,
          skrybe_limestone_x
D:9:      layout_big_octagon, nicolae_overflow_crystal_walls,
          old_standard_altar, serial_shops, nicolae_shop_statue_plus,
          lemuel_hellish_altar, uniq_psyche
D:10:     layout_roguey, erik_lair_orcish_takeover,
          gammafunk_ghost_nasty_kobolds, minmay_liquid_box, uniq_maggie,
          uniq_snorg
D:11:     layout_roguey, uniq_josephine
D:12:     layout_gridville, david_orc_3
D:13:     layout_rooms, erik_vaults_2, portal_ice_cave_entry_pillars_1,
          uniq_erolcha, uniq_rupert
D:14:     layout_rooms, roderic_filled_cross
D:15:     gammafunk_depths_entry_grave, layout_basic, minmay_misc_feat_ornament
Lair:1:   kb_forest_paths, layout_long_grid, chequers_serial_rivers_large_a
Lair:2:   minmay_lair_oklob_tunnel, layout_regular_city,
          minmay_swamp_entry_eels, nicolae_volcano_entry_hallway
Lair:3:   layout_loops_ring, nicolae_spider_entry_tight_spaces, serial_bayou,
          serial_bayou_pond_c, serial_bayou_pond_d, serial_bayou_shore_a,
          serial_bayou_pond_e
Lair:4:   layout_loops_ring, grunt_megastairs_5
Lair:5:   layout_long_grid, st_stairs_11, nzn_random_ring
Lair:6:   hangedman_lair_tendril_chambers, layout_hall_layers,
          nicolae_slime_entry_slimehenge, ebering_ghost_rock_garden,
          st_stairs_6, serial_bayou_pond_a, nicolae_lair_yak_garden,
          serial_bayou_shore_b
Orc:1:    layout_caves, uniq_urug
Orc:2:    st_orc_rangers, layout_diamond_mine, nicolae_orc_rich_vein,
          uniq_donald
Elf:1:    layout_loops_ring, serial_shops, nicolae_shop_waterfront, orc_legates
Abyss:4:  base: D:13, minivault_26, dshaligram_kb_abyss_rune_zappy_water_cross,
          evilmike_abyss_exit_5

Skill      XL: |  1  2  3  4  5  6  7  8  9 10 11 12 13 14 15 16 |
---------------+-------------------------------------------------+-----
Fighting       | 2 3 4 7 9 11 12 14 15 16 18 | 18.4
Hexes          | 3 4 5 |  5.5
Spellcasting   | 2 7 |  7.1
Throwing       | 4 6 8 10 12 | 12.0
Translocations | 1 4 5 |  5.2
Polearms       | 6 0 |  0.0
Staves         | 1 0 |  0.0
Maces & Flails | 6 7 8 9 11 | 11.3
Evocations     | 3 4 6 |  6.4
Armour         | 4 9 10 11 | 11.1
Dodging        | 3 |  3.5
Shields        | 6 |  6.7
Charms         | |  0.3

Action                   |  1- 3 |  4- 6 |  7- 9 | 10-12 | 13-15 | 16-18 || total
-------------------------+-------+-------+-------+-------+-------+-------++-------
Melee: Unarmed           |    22 |       |       |       |       |       ||    22
       Club              |    40 |       |       |       |       |       ||    40
       Spear             |    69 |   183 |    69 |       |       |       ||   321
       Trident           |       |       |    61 |       |       |       ||    61
       Morningstar       |       |       |    71 |   416 |  1058 |   370 ||  1915
       Quarterstaff      |       |       |    37 |       |       |       ||    37
Throw: Large rock        |     3 |     9 |    19 |    65 |    94 |    50 ||   240
       Dart              |     4 |    22 |    35 |    82 |    45 |       ||   188
       Boomerang         |       |       |     1 |    56 |    27 |    17 ||   101
       Javelin           |       |       |       |       |    16 |       ||    16
 Cast: Corona            |     7 |     7 |    11 |     2 |       |       ||    27
       Slow              |     2 |     4 |    13 |    13 |     8 |       ||    40
       Portal Projectile |       |     5 |     8 |    24 |    19 |    12 ||    68
       Blink             |       |       |       |    11 |     2 |     1 ||    14
       Cause Fear        |       |       |       |     1 |     1 |       ||     2
       Passage of Golubr |       |       |       |     1 |     1 |       ||     2
       Shroud of Golubri |       |       |       |       |     1 |       ||     1
Invok: Curse Item        |       |       |     2 |     1 |     4 |       ||     7
       Transfer Knowledg |       |       |       |       |     4 |       ||     4
       Scrying           |       |       |       |       |       |     2 ||     2
Evoke: Wand              |       |       |     2 |     9 |    12 |     4 ||    27
       Phial of floods   |       |       |       |     1 |       |       ||     1
  Use: Scroll            |       |     8 |     9 |     3 |    13 |     7 ||    40
       Potion            |       |       |       |     2 |     2 |    12 ||    16
 Stab: Sleeping          |     1 |       |     1 |       |     5 |       ||     7
       Paralysed         |       |       |     3 |       |       |       ||     3
       Betrayed ally     |       |       |       |       |     1 |       ||     1
       Petrified         |       |       |       |       |     3 |       ||     3
  Eat: Chunk             |     2 |     8 |    14 |    20 |    43 |     8 ||    95
       Ration            |       |       |     1 |     5 |     4 |     3 ||    13
Armor: Robe              |    65 |    46 |    69 |   105 |    36 |       ||   321
       Fire dragon scale |       |       |       |       |   276 |   140 ||   416
Dodge: Dodged            |    90 |    71 |   125 |   215 |   281 |    95 ||   877
Block: Other             |       |       |    24 |   100 |   104 |       ||   228
       Reflection        |       |       |     1 |     5 |    76 |    25 ||   107
       Kite shield       |       |       |       |       |   306 |   245 ||   551
